 Dungeon Crawl Stone Soup version 0.21.1-1-g345015f (webtiles) character file.

59 Inarius the Ruffian (level 4, -4/37 HPs)
             Began as a Ghoul Gladiator on Feb 27, 2018.
             Slain by an orc
             ... wielding a +0 flail
              (11 damage)
             ... on level 2 of the Dungeon.
             The game lasted 00:01:32 (572 turns).

Inarius the Ruffian (Ghoul Gladiator)                Turns: 572, Time: 00:01:33

Health: -4/37      AC:  4    Str: 17    XL:     4   Next: 3%
Magic:  3/3        EV: 12    Int:  4    God:
Gold:   84         SH:  0    Dex: 10    Spells: 3/3 levels left

rFire    . . .     SeeInvis .     - Unarmed
rCold    + . .     Gourm    .   (no shield)
rNeg     + + +     Faith    .   a - +0 leather armour
rPois    ∞         Spirit   .   b - +0 helmet
rElec    .         Reflect  .   (no cloak)
rCorr    .         Harm     .   (no gloves)
MR       .....                  (no boots)
Stlth    +.........             (no amulet)
HPRegen  0.00/turn              (no ring)
MPRegen  0.08/turn              (no ring)

@: rotting
A: rotting body, claws 1, carnivore, cold resistance 1, negative energy
resistance 3, inhibited regeneration, torment resistance, unbreathing
a: no special abilities


You were on level 2 of the Dungeon.
You were not hungry.

You visited 1 branch of the dungeon, and saw 2 of its levels.

You collected 84 gold pieces.

Inventory:

Missiles
 c - 3 throwing nets (quivered)
Armour
 a - a +0 leather armour (worn)
 b - a +0 helmet (worn)
Scrolls
 e - a scroll of remove curse {unknown}
 g - 2 scrolls of identify {unknown}
 j - a scroll of amnesia {unknown}
Potions
 h - a potion of curing {unknown}
 i - a potion of agility {unknown}
Comestibles
 d - 2 rations


   Skills:
 + Level 2.5 Fighting
 - Level 1.7 Throwing
 + Level 0.6 Armour
 + Level 3.2 Dodging
 * Level 1.3 Stealth
 + Level 4.0 Unarmed Combat


You had 3 spell levels left.
You didn't know any spells.

Dungeon Overview and Level Annotations

Branches:
Dungeon (2/15)

Altars:
Yredelemnul


Innate Abilities, Weirdness & Mutations

Your body is rotting away.
You thrive on raw meat.
You are immune to poison.
You have sharp fingernails.
You are carnivorous and can eat meat at any time.
Your flesh is cold resistant. (rC+)
You are immune to negative energy. (rN+++)
You do not regenerate when monsters are visible.
You are immune to unholy pain and torment.
You can survive without breathing.


Message History

The kobold is severely wounded.
The jackal bites you but does no damage.
The hobgoblin barely misses you. The kobold barely misses you.
You scratch the kobold.
You kill the kobold!
The bat hits you.
* * * LOW HITPOINT WARNING * * *
The jackal closely misses you. The jackal barely misses you.
The hobgoblin hits you but does no damage.
The jackal closely misses you.
You see here a jackal corpse.
You butcher the jackal corpse.
The jackal bites you.
* * * LOW HITPOINT WARNING * * *
The orc hits you but does no damage. The jackal barely misses you.
You see here a chunk of flesh.
Eat a chunk of flesh? (ye/n/q)
You eat the chunk of flesh.
This raw flesh tastes great!
The bat hits you but does no damage. The jackal closely misses you.
The orc hits you with a flail!
You die...

#...# #..#.. #...#
#h.#. ### #.... g...
..# #...# #..# # #.#
#...# #..#.##..
#.####...#####!.......
#.......†...r....#.#..
#.......÷.b#h........
#..........@og........
#(####...#######....##
######.# #...# ......
.<.....# #...# .....#
...##.#####[..# .....#
##.##....(....# ...
##.##..#####..#
.......# #.## ...###.#
###.######


You could see an orc, a jackal, a hobgoblin, a bat and a rat.

Vanquished Creatures
  2 adders (D:2)
  An ooze (D:1)
  A dart slug (D:1)
  3 leopard geckos (D:1)
  3 bats (D:1)
  A giant cockroach (D:1)
  A goblin (D:2)
  5 hobgoblins (D:1)
  3 jackals (D:2)
  9 kobolds
  A rat (D:1)
30 creatures vanquished.

Notes
Turn   | Place    | Note
-------+----------+-------------------------------------------
     0 | D:1      | Inarius the Ghoul Gladiator began the quest for the Orb.
     0 | D:1      | Reached XP level 1. HP: 17/17 MP: 0/0
    57 | D:1      | Reached XP level 2. HP: 20/25 MP: 1/1
   206 | D:1      | Reached XP level 3. HP: 28/30 MP: 2/2
   297 | D:1      | Reached skill level 1 in Stealth
   500 | D:2      | Found a basalt altar of Yredelemnul.
   556 | D:2      | Reached skill level 4 in Unarmed Combat
   563 | D:2      | Reached XP level 4. HP: 9/37 MP: 3/3
   571 | D:2      | HP: 1/37 [jackal (3)]
   572 | D:2      | Slain by an orc

Skill      XL: |  1  2  3 |
---------------+----------+-----
Dodging        | 3 |  3.2
Stealth        | 1 |  1.3
Unarmed Combat | 4 |  4.0
Fighting       | |  2.5
Throwing       | |  1.7
Armour         | |  0.6

Action                   |  1- 3 |  4- 6 || total
-------------------------+-------+-------++-------
Melee: Unarmed           |    96 |     6 ||   102
       Punch             |     3 |       ||     3
  Eat: Chunk             |     9 |     1 ||    10
Armor: Leather armour    |    55 |     7 ||    62
Dodge: Dodged            |   126 |    16 ||   142
